 Dungeon Crawl Stone Soup version 0.27-a0-1180-g7fc4abc71e (webtiles) character file.

Game seed: 10705264278323056651

119 Glokmah the Cutter (level 4, 0/23 HPs)
             Began as a Spriggan Abyssal Knight on May 17, 2021.
             Was a Follower of Lugonu.
             Succumbed to an adder's poison
             ... on level 3 of the Dungeon.
             The game lasted 00:06:46 (2851 turns).

Glokmah the Cutter (Spriggan Abyssal Knight)        Turns: 2851, Time: 00:06:47

Health: 0/23       AC:  2    Str:  8    XL:     4   Next: 74%
Magic:  6/6        EV: 17    Int: 13    God:    Lugonu [*.....]
Gold:   97         SH:  0    Dex: 15    Spells: 3/3 levels left

rFire    + . .     SeeInvis +   a - +1 dagger (drain)
rCold    . . .     Faith    .   (shield restricted)
rNeg     . . .     Spirit   .   g - +0 robe
rPois    .         Reflect  .   (helmet restricted)
rElec    .         Harm     .   (no cloak)
rCorr    .         Rampage  .   (gloves unavailable)
Will     .....                  (boots unavailable)
Stlth    ++........             (no amulet)
HPRegen  0.07/turn              c - ring of protection from fire
MPRegen  0.10/turn              (no ring)

@: lethally poisoned (0 -> -2), very quick
A: very small, no large weapons, unfitting armour, see invisible, speed 3,
MP-powered wands
a: Renounce Religion, Depart the Abyss


You were on level 3 of the Dungeon.
You worshipped Lugonu.
Lugonu was aware of your devotion.
You visited 1 branch of the dungeon, and saw 3 of its levels.
You visited the Abyss 1 time.

You collected 97 gold pieces.

Inventory:

Hand Weapons
 a - a +1 dagger of draining (weapon)
 b - a +0 hunting sling
Missiles
 i - 36 stones
 l - 8 arrows
 m - 17 sling bullets
Armour
 g - a +0 robe (worn)
Jewellery
 c - a ring of protection from fire (left hand)
 e - a ring of willpower
 f - a ring of poison resistance
Scrolls
 h - a scroll of identify
 j - a scroll of noise
 k - a scroll of teleportation {unknown}
Potions
 d - a potion of invisibility


   Skills:
 + Level 2.9 Fighting
 * Level 3.6 Short Blades
 * Level 0.4 Slings
 - Level 3.2 Dodging
 * Level 3.6 Stealth
 + Level 2.5 Invocations


You had 3 spell levels left.
You didn't know any spells.
Your spell library was empty.

Dungeon Overview and Level Annotations

Branches:
Dungeon (2/15)

Altars:
Cheibriados


Innate Abilities, Weirdness & Mutations

You are very small and have problems with some larger weapons.
You are too small for most types of armour.
You have supernaturally acute eyesight. (SInv)
You cover ground extremely quickly. (Speed+++)
You expend magic power (3 MP) to strengthen your wands.


Message History

You closely miss the bat. The bat closely misses you.
You hit the bat.
The bat is heavily wounded.
The bat completely misses you.
You completely miss the bat.
The bat is heavily wounded.
The bat misses you. x2
You barely miss the bat.
The bat is heavily wounded.
The bat misses you. The bat barely misses you.
You barely miss the bat.
The bat is heavily wounded.
The bat hits you.
You hit the bat.
You kill the bat!
Lugonu accepts your kill.
You hit the adder but do no damage. The adder closely misses you.
You hit the adder but do no damage. The adder bites you.
You are poisoned.
The adder poisons you!
You hit the adder. You drain the adder.
The adder is heavily wounded.
You feel sick. The adder barely misses you.
You miss the adder.
The adder is heavily wounded.
You feel sick. The adder bites you.
* * * LOW HITPOINT WARNING * * *
You are lethally poisoned!
The adder poisons you!
* * * LOW HITPOINT WARNING * * *
You feel sick.
Things that are here:
a +0 club; 4 poisoned darts
Okay, then.
As you read the scroll labelled YFEONO VUGUFE, it crumbles to dust.
It is a scroll of identify.
j - a scroll of noise
* * * LOW HITPOINT WARNING * * *
You feel sick. The adder completely misses you. The adder misses you.
You die...

.#######..# .#
..........# #.#
.########## #.# .# #.#
.#############.######
.....................
.#######.##.#..#####
.# #.##..#.######.###
.#
#####.##.##..@S†......
.# #..
..#....##.###..###
.###.# ####.#.#.## #
..##.#######...#
#........# ##.##
..##.###.# #.#
>....###.# #.#
.........# #.#
########.# #.#


You could see an adder (drained).

Vanquished Creatures
  A scorpion (D:3)
  2 adders
  A dart slug (D:3)
  4 bats
  3 endoplasms
  2 giant cockroaches
  3 goblins
  2 hobgoblins
  8 jackals
  3 quokkas
  2 ball pythons (D:3)
  3 frilled lizards
  3 kobolds
  A rat (D:1)
38 creatures vanquished.

Notes
Turn   | Place    | Note
-------+----------+-------------------------------------------
     0 | Abyss:1  | Glokmah the Spriggan Abyssal Knight began the quest for the
                  | Orb.
     0 | Abyss:1  | Reached XP level 1. HP: 11/11 MP: 3/3
    39 | Abyss:1  | Noticed a purple draconian scorcher
    40 | Abyss:1  | Noticed a large abomination
    68 | Abyss:1  | Noticed a large abomination
    89 | Abyss:1  | Noticed a neqoxec
   121 | Abyss:1  | Noticed a neqoxec
   123 | Abyss:1  | Gained mutation: You expend magic power (3 MP) to
                  | strengthen your wands. [a neqoxec]
   137 | Abyss:1  | Noticed a small abomination
   146 | Abyss:1  | Noticed a small abomination
   167 | Abyss:1  | Noticed a freezing wraith
   167 | Abyss:1  | Noticed a raiju
   174 | Abyss:1  | Noticed a dread lich
   192 | D:1      | Escaped the Abyss
   333 | D:1      | Found a faded altar of an unknown god.
   838 | D:1      | Reached skill level 1 in Stealth
   858 | D:1      | Reached XP level 2. HP: 8/16 MP: 4/4
  1101 | D:1      | Reached * piety under Lugonu
  1463 | D:2      | Found a snail-covered altar of Cheibriados.
  1776 | D:2      | Reached XP level 3. HP: 19/19 MP: 5/5
  1780 | D:2      | You fall into a shaft and drop 1 floor!
  1985 | D:3      | Noticed a scorpion
  2073 | D:3      | Killed a scorpion
  2074 | D:3      | Reached XP level 4. HP: 2/23 MP: 6/6
  2849 | D:3      | HP: 1/23 [poisoned by an adder]
  2851 | D:3      | Succumbed to an adder's poison

Illustrated notes

Levels and vault maps discovered:
D:1:      dpeg_arrival_refuge, layout_basic, shapermc_ecumenical_altar_gd
D:2:      layout_basic, basic_altar, hex_intersection
D:3:      layout_loops_ring, old_standard_altar

Skill      XL: |  1  2  3 |
---------------+----------+-----
Stealth        | 1 3 |  3.6
Invocations    | 2 |  2.5
Short Blades   | 3 |  3.6
Fighting       | |  2.9
Slings         | |  0.4
Dodging        | |  3.2

Action                   |  1- 3 |  4- 6 || total
-------------------------+-------+-------++-------
Melee: Short sword       |    50 |       ||    50
       Dagger            |    61 |    54 ||   115
 Fire: Hunting sling     |    16 |       ||    16
Invok: Depart the Abyss  |     1 |       ||     1
  Use: Potion            |     2 |       ||     2
       Scroll            |       |     1 ||     1
 Stab: Sleeping          |     3 |     1 ||     4
       Invisible         |     1 |       ||     1
Armor: Robe              |    13 |     3 ||    16
Dodge: Dodged            |    85 |    41 ||   126

Table legend: (Time is in decaauts)
 A = Elapsed time spent in this place.
 B = Non-inter-level travel time spent in this place.
 C = Inter-level travel time spent in this place.
 D = Time resting spent in this place.
 E = Time spent auto-exploring this place.
 F = Levels seen in this place.
 G = Mean time per level.
                   A        B        C        D        E       F      G
               +--------+--------+--------+--------+--------+-----+--------+
         Total |   2237 |   2190 |     47 |    300 |   1294 |   4 |  559.2 |
       Dungeon |   2118 |   2071 |     47 |    300 |   1294 |   3 |  706.0 |
         Abyss |    119 |    119 |      0 |      0 |      0 |   1 |  119.0 |
               +--------+--------+--------+--------+--------+-----+--------+

Top non-repeatable levels by time:
     D:1: 923 daAuts
     D:3: 906 daAuts
     D:2: 288 daAuts
 Abyss:1: 119 daAuts
